 Dungeon Crawl Stone Soup version 0.22.0-13-g43fe8f24b8 (webtiles) character file.

1503 Oravi the Gusty (level 8, 0/47 HPs)
             Began as a Tengu Air Elementalist on Aug 17, 2018.
             Was an Initiate of Vehumet.
             Slain by an orc warrior
             ... wielding a +0 glaive
              (21 damage)
             ... on level 7 of the Dungeon.
             The game lasted 00:35:15 (7954 turns).

Oravi the Gusty (Tengu Air Elementalist)            Turns: 7954, Time: 00:35:15

Health: 0/47       AC:  5    Str:  4    XL:     8   Next: 82%
Magic:  13/15      EV: 10    Int: 17    God:    Vehumet [......]
Gold:   229        SH:  5    Dex: 15    Spells: 5/15 levels left

rFire    + + .     SeeInvis .   D - +7 spear of Vulatwyo {pierce, rF++ rN+ Str-5 Stlth+}
rCold    . . .     Gourm    .   y - +0 buckler (curse)
rNeg     + . .     Faith    .   C - +0 ring mail
rPois    .         Spirit   .   (helmet restricted)
rElec    .         Reflect  .   (no cloak)
rCorr    .         Harm     .   (no gloves)
MR       .....                  (boots unavailable)
Stlth    ++........             F - amulet of magic regeneration
HPRegen  0.15/turn              B - ring of wizardry
MPRegen  0.39/turn              (no ring)

@: no status effects
A: beak, talons 3, able to fly 1
a: Fly, Renounce Religion


You were on level 7 of the Dungeon.
You worshipped Vehumet.
Vehumet was noncommittal.
You were not hungry.

You visited 2 branches of the dungeon, and saw 8 of its levels.

You collected 229 gold pieces.

Inventory:

Hand Weapons
 h - a +0 dagger of holy wrath
 j - a +4 whip
 D - the +7 spear of Vulatwyo (weapon) {pierce, rF++ rN+ Str-5 Stlth+}
   (You found it on level 6 of the Dungeon)

   It inflicts extra damage upon your enemies.
   It affects your strength (-5).
   It greatly protects you from fire.
   It protects you from negative energy.
   It makes you more stealthy.
Missiles
 d - 37 poisoned needles
 f - 57 sling bullets
 g - 2 tomahawks
 k - 136 stones (quivered)
 l - 17 bolts
Armour
 a - a +0 robe
 r - a +1 leather armour
 y - a cursed +0 buckler (worn)
 C - a +0 ring mail (worn)
Jewellery
 i - an uncursed ring of fire
 B - a ring of wizardry (left hand)
 F - an amulet of magic regeneration (around neck)
Wands
 w - a wand of digging (7)
 A - a wand of enslavement (10)
Scrolls
 e - 3 scrolls of remove curse
 m - a scroll of amnesia
 n - a scroll of enchant armour
 u - a scroll of enchant weapon {unknown}
 E - a scroll of identify
Potions
 b - a potion of curing
 o - a potion of cancellation {unknown}
 p - 2 potions of magic {unknown}
 q - a potion of agility {unknown}
 s - 2 potions of heal wounds {unknown}
 t - a potion of degeneration {unknown}
 v - a potion of haste {unknown}
 x - a potion of resistance {unknown}
 z - a potion of might {unknown}
Comestibles
 c - 9 rations
 G - 5 chunks of flesh


   Skills:
 + Level 3.6 Fighting
 + Level 2.1 Armour
 + Level 4.9 Dodging
 - Level 2.0 Stealth
 - Level 4.2 Shields
 + Level 4.3 Spellcasting
 + Level 5.7 Conjurations
 + Level 7.0 Air Magic


You had 5 spell levels left.
You knew the following spells:

 Your Spells              Type           Power        Failure   Level  Hunger
a - Shock                 Conj/Air       ####         2%          1    None
b - Static Discharge      Conj/Air       ####....     8%          3    ###....
c - Swiftness             Chrm/Air       ###.....     12%         2    ##.....
d - Airstrike             Air            ####......   19%         4    ####...

Your spell library contained the following spells:

 Spells                   Type           Power        Failure   Level  Hunger
 Lightning Bolt           Conj/Air       ####......   52%         5    ######.
 Animate Dead             Necr           N/A          96%         4    ####...
 Pain                     Necr           #...         32%         1    None
 Animate Skeleton         Necr           N/A          32%         1    None
 Vampiric Draining        Necr           #.........   67%         3    ###....
 Regeneration             Chrm/Necr      #.........   67%         3    ###....


Dungeon Overview and Level Annotations

Branches:
Dungeon (7/15)             Temple (1/1) D:7

Altars:
Ashenzari
Cheibriados
Dithmenos
Elyvilon
Fedhas
Gozag
Kikubaaqudgha
Makhleb
Nemelex Xobeh
Okawaru
Qazlal
Ru
Sif Muna
Uskayaw
Vehumet
Xom
Yredelemnul
Zin
The Shining One

Shops:
D:6 :

Annotations:
D:2 exclusion: scorpion


Innate Abilities, Weirdness & Mutations

You have a beak for a mouth.
You have claws for feet.
You can fly.


Message History

Vehumet accepts your kill. Something hits you.
The orc warrior hits you from afar with a glaive!
Something hits you.
The orc warrior hits you from afar with a glaive.
You feel less confused. Something hits you but does no damage.
The orc warrior hits you from afar with a glaive!!
* * * LOW HITPOINT WARNING * * *
Okay, then.
Okay, then.
You feel better.
You hear some strange, mumbled words.
You are confused.
You feel better.
The orc warrior hits you from afar with a glaive.
Something hits you but does no damage. Something hits you but does no damage.
The orc warrior hits you from afar with a glaive!!
You die...

.## #.# #.#<.. ((# #.#
#.##.. #.# #.# #.##..
#(# #.# #.##.. ###.#
#.# #.##..
#.(.#####.#####.##..
+.o............>##..
...###({)......#####.#
## ...$....@...####
#.# ######(.(##..# #.#
......'....H. ...
#.###...###..## #.#
#...# #'# #.# ##### ..
.. ...


You could see a hippogriff and an orc warrior.

Vanquished Creatures
  Sigmund (D:2)
  A hungry ghost (D:7)
  An orc warrior (D:6)
  An ice beast (D:5)
  A sky beast (D:6)
  A bullfrog (D:7)
  3 scorpions
  A howler monkey (D:5)
  A crimson imp (D:5)
  2 jellies
  2 hounds
  5 orc wizards
  2 orc priests (D:5)
  An iguana (D:6)
  3 worker ants
  9 adders
  2 shadow imps
  An adder skeleton (D:6)
  An adder zombie (D:6)
  4 worms
  A dart slug (D:1)
  3 leopard geckos
  25 orcs
  6 giant cockroaches
  9 goblins
  7 hobgoblins
  4 jackals
  3 quokkas
  4 ball pythons
  10 bats
  8 frilled lizards
  9 kobolds
  A leopard gecko zombie (D:5)
  A quokka zombie (D:7)
  12 rats
146 creatures vanquished.

Notes
Turn   | Place    | Note
-------+----------+-------------------------------------------
     0 | D:1      | Oravi the Tengu Air Elementalist began the quest for the Orb.
     0 | D:1      | Reached XP level 1. HP: 10/10 MP: 4/4
   140 | D:1      | Reached XP level 2. HP: 10/15 MP: 0/6
   275 | D:1      | Found a shattered altar of Ashenzari.
   486 | D:1      | Reached XP level 3. HP: 19/19 MP: 5/7
  1200 | D:2      | Noticed a scorpion
  1539 | D:2      | Noticed Sigmund
  1684 | D:2      | Reached XP level 4. HP: 20/24 MP: 2/9
  2146 | D:2      | Killed Sigmund
  2146 | D:2      | Reached skill level 1 in Fighting
  2146 | D:2      | Reached skill level 5 in Air Magic
  2146 | D:2      | Gained mutation: You can fly. [Tengu growth]
  2146 | D:2      | Reached XP level 5. HP: 23/30 MP: 1/10
  2146 | D:2      | Reached XP level 6. HP: 27/35 MP: 1/11
  2151 | D:2      | Learned a level 3 spell: Static Discharge
  2154 | D:2      | Learned a level 2 spell: Swiftness
  2159 | D:2      | Learned a level 4 spell: Airstrike
  2498 | D:2      | Found a shimmering altar of Xom.
  2747 | D:3      | Found a shadowy altar of Dithmenos.
  3487 | D:4      | Found an iron altar of Okawaru.
  4780 | D:5      | Entered Level 5 of the Dungeon
  4964 | D:5      | Reached skill level 6 in Air Magic
  4964 | D:5      | Reached XP level 7. HP: 21/40 MP: 13/13
  5187 | D:5      | Found a shattered altar of Ashenzari.
  5187 | D:5      | Found a blossoming altar of Fedhas.
  5188 | D:5      | Found a white marble altar of Elyvilon.
  5197 | D:5      | Found a glowing golden altar of the Shining One.
  5276 | D:5      | Found a sacrificial altar of Ru.
  5705 | D:5      | Reached skill level 1 in Shields
  6333 | D:6      | Reached XP level 8. HP: 45/45 MP: 14/14
  6717 | D:6      | Reached skill level 5 in Conjurations
  6818 | D:6      | Reached skill level 1 in Armour
  6990 | D:6      | Found Zietras's Book Boutique.
  7446 | D:6      | Got a jewelled spear
  7447 | D:6      | Identified the +7 spear of Vulatwyo {pierce, rF++ rN+ Str-5 Stlth+} (You found it on level 6 of the Dungeon)
  7486 | D:7      | Found a staircase to the Ecumenical Temple.
  7493 | Temple   | Entered the Ecumenical Temple
  7531 | Temple   | Became a worshipper of Vehumet
  7931 | D:7      | Reached skill level 7 in Air Magic
  7946 | D:7      | Noticed a hippogriff
  7954 | D:7      | Slain by an orc warrior

Skill      XL: |  1  2  3  4  5  6  7  8 |
---------------+-------------------------+-----
Conjurations   | 2 3 4 5 |  5.7
Fighting       | 1 2 3 |  3.6
Dodging        | 3 4 |  4.9
Spellcasting   | 3 4 |  4.3
Air Magic      | 5 6 7 |  7.0
Shields        | 3 4 |  4.2
Armour         | 2 |  2.1
Stealth        | |  2.0

Action                   |  1- 3 |  4- 6 |  7- 9 || total
-------------------------+-------+-------+-------++-------
Melee: Unarmed           |     8 |       |       ||     8
       Kick              |     6 |     2 |    19 ||    27
       Whip              |     8 |    38 |    77 ||   123
       Dagger            |     1 |       |       ||     1
       Peck              |       |     2 |    19 ||    21
       Spear             |       |       |    32 ||    32
Throw: Stone             |       |    44 |    46 ||    90
 Cast: Shock             |    80 |    72 |    90 ||   242
       Airstrike         |       |       |     6 ||     6
  Use: Scroll            |       |     8 |       ||     8
       Potion            |       |       |     3 ||     3
 Stab: Sleeping          |     1 |       |     1 ||     2
  Eat: Chunk             |     3 |    10 |    11 ||    24
Armor: Robe              |     2 |     1 |       ||     3
       Leather armour    |       |     6 |     9 ||    15
       Ring mail         |       |       |    16 ||    16
Dodge: Dodged            |    15 |    28 |    67 ||   110
Block: Buckler           |       |       |    25 ||    25
